 Dungeon Crawl Stone Soup version 0.24.0-123-gd5b16e6ec5 (webtiles) character file.

Game seed: 850051809371167881, levelgen mode: deterministic

3165 Peloso the Carver (level 9, -6/79 HPs)
             Began as a Minotaur Fighter on Jan 28, 2020.
             Was an Elder of Okawaru.
             Mangled by an orc warrior
             ... wielding a +0 scimitar
              (13 damage)
             ... on level 6 of the Dungeon.
             The game lasted 00:10:45 (4782 turns).

Peloso the Carver (Minotaur Fighter)                Turns: 4782, Time: 00:10:45

Health: -6/79      AC: 14    Str: 22    XL:     9   Next: 63%
Magic:  8/8        EV:  7    Int:  5    God:    Okawaru [****..]
Gold:   491        SH: 12    Dex: 15    Spells: 8/8 levels left

rFire    . . .     SeeInvis +   a - +0 long sword
rCold    . . .     Gourm    .   c - +0 shield
rNeg     . . .     Faith    .   C - +0 plate armour
rPois    .         Spirit   .   (helmet restricted)
rElec    .         Reflect  .   (no cloak)
rCorr    .         Harm     .   (no gloves)
MR       .....                  l - +0 pair of boots
Stlth    ..........             (no amulet)
HPRegen  0.23/turn              q - ring of see invisible
MPRegen  0.11/turn              u - +3 ring of dexterity

@: studying Long Blades
A: retaliatory headbutt, horns 2
a: Heroism, Renounce Religion


You were on level 6 of the Dungeon.
You worshipped Okawaru.
Okawaru was greatly pleased with you.
You were not hungry.

You visited 2 branches of the dungeon, and saw 7 of its levels.

You collected 491 gold pieces.

Inventory:

Hand Weapons
 a - a +0 long sword (weapon)
 b - a +1 whip of flaming
Armour
 c - a +0 shield (worn)
 l - a +0 pair of boots (worn)
 o - a +0 chain mail
 C - a +0 plate armour (worn)
Jewellery
 e - an uncursed ring of fire
 i - an uncursed ring of resist corrosion
 q - a ring of see invisible (left hand)
 u - a +3 ring of dexterity (right hand)
Wands
 t - a wand of paralysis (12)
 y - a wand of flame (12)
Scrolls
 d - a scroll of magic mapping {unknown}
 h - 10 scrolls of identify {unknown}
 k - 5 scrolls of remove curse {unknown}
 n - 4 scrolls of teleportation {unknown}
 p - 2 scrolls of noise {unknown}
 s - a scroll of amnesia {unknown}
 v - a scroll of fog {unknown}
 B - a scroll of enchant armour {unknown}
Potions
 j - 2 potions of flight {unknown}
 m - 3 potions of agility
 r - a potion of cancellation {unknown}
 w - a potion of invisibility {unknown}
 x - a potion of lignification {unknown}
 z - a potion of degeneration {unknown}
 A - 2 potions of heal wounds {unknown}
 D - a potion of haste {unknown}
Books
 g - a manual of Long Blades
Comestibles
 f - 12 rations


   Skills:
 + Level 7.1 Fighting
 + Level 10.3 Long Blades
 + Level 7.9 Armour
 + Level 2.4 Dodging
 + Level 0.6 Stealth
 + Level 9.2 Shields
 + Level 0.2 Invocations


You had 8 spell levels left.
You didn't know any spells.
Your spell library was empty.

Dungeon Overview and Level Annotations

Branches:
Dungeon (6/15)             Temple (1/1) D:4

Altars:
Ashenzari
Elyvilon
Fedhas
Gozag
Okawaru
Qazlal
Uskayaw
Vehumet
Zin


Innate Abilities, Weirdness & Mutations

You reflexively headbutt those who attack you in melee.
You have a pair of horns on your head.


Message History

Your headbutt misses the orc warrior.
The orc warrior is almost dead.
The orc warrior hits you with a +0 scimitar!
* * * LOW HITPOINT WARNING * * *
Your plate armour prevents you from hitting the orc warrior.
The orc warrior is almost dead.
You block the orc warrior's attack.
You hit the orc warrior but do no damage.
The orc warrior is severely wounded.
You barely miss the orc warrior. Your headbutt misses the orc warrior.
The orc warrior is severely wounded.
You block the orc warrior's attack.
You hit the orc warrior but do no damage.
The orc warrior is severely wounded.
The orc warrior hits you with a +0 scimitar.
* * * LOW HITPOINT WARNING * * *
You closely miss the orc warrior. Your headbutt misses the orc warrior.
The orc warrior is severely wounded.
The orc warrior hits you with a +0 scimitar!
You die...

(.....# ..##.## o..
.##...##.[..#...##..##
.#.......(.[.........##
......# ..............#
.<..#.# ............#
((....##......#...##
.##...........##...###
.##.....##.....#)###.##
.....##.........@o....##
.....##.....##..#......#
.............#..#.#..###
......#........##..####
<.#..###..##....##....###
.###.##...###...........#
.# #.......##..........##
.###.>.....#..........##
..###......##.........#


You could see an orc warrior.

Vanquished Creatures
  Pikel (D:5)
  An ugly thing (D:6)
  Prince Ribbit (D:5)
  Sigmund (D:6)
  Eustachio (D:5)
  A hornet zombie (D:6)
  2 orc warriors
  2 ice beasts
  4 slaves (D:5)
  2 ogres (D:6)
  2 centaurs
  Blork the orc (D:6)
  A big kobold (D:6)
  2 bullfrogs
  A howler monkey (D:5)
  A crimson imp (D:5)
  2 hounds
  A quasit (D:6)
  A bullfrog zombie (D:5)
  A jelly (D:5)
  2 orc priests
  A centaur skeleton (D:5)
  6 orc wizards
  An iguana (D:6)
  A worker ant (D:4)
  A hound zombie (D:6)
  7 gnolls
  4 adders
  3 oozes
  3 adder zombies
  A worm (D:4)
  5 dart slugs
  4 leopard geckos
  18 orcs
  3 bats
  A giant cockroach (D:4)
  12 hobgoblins
  4 jackals (D:6)
  6 kobolds
  A ball python zombie (D:5)
  A frilled lizard (D:1)
  8 goblins
  2 quokka zombies
  9 rats
133 creatures vanquished.

Notes
Turn   | Place    | Note
-------+----------+-------------------------------------------
     0 | D:1      | Peloso the Minotaur Fighter began the quest for the Orb.
     0 | D:1      | Reached XP level 1. HP: 19/19 MP: 0/0
    28 | D:1      | Reached XP level 2. HP: 5/27 MP: 1/1
   392 | D:1      | Reached XP level 3. HP: 10/33 MP: 2/2
   672 | D:2      | Reached skill level 3 in Long Blades
   744 | D:2      | Found an opulent altar of Gozag.
   775 | D:2      | Found a white marble altar of Elyvilon.
   826 | D:2      | Found a shattered altar of Ashenzari.
   903 | D:2      | Reached XP level 4. HP: 39/40 MP: 3/3
  1254 | D:2      | Found a radiant altar of Vehumet.
  1363 | D:3      | Reached skill level 4 in Long Blades
  1505 | D:3      | Reached XP level 5. HP: 29/47 MP: 4/4
  1727 | D:3      | Reached skill level 5 in Shields
  2111 | D:4      | Found a hide-covered altar of Uskayaw.
  2195 | D:4      | Found a staircase to the Ecumenical Temple.
  2205 | Temple   | Entered the Ecumenical Temple
  2259 | Temple   | Became a worshipper of Warmaster Okawaru
  2296 | D:4      | Reached skill level 1 in Dodging
  2469 | D:4      | Found a stormy altar of Qazlal.
  2475 | D:4      | Found a blossoming altar of Fedhas.
  2482 | D:4      | Reached XP level 6. HP: 46/53 MP: 5/5
  2596 | D:5      | Entered Level 5 of the Dungeon
  2668 | D:5      | Reached skill level 5 in Long Blades
  2703 | D:5      | Noticed Eustachio
  2709 | D:5      | Noticed an ice beast
  2724 | D:5      | Killed an ice beast
  2771 | D:5      | Noticed Prince Ribbit
  2794 | D:5      | Killed Eustachio
  2794 | D:5      | Reached * piety under Okawaru
  2794 | D:5      | Reached skill level 5 in Fighting
  2794 | D:5      | Reached skill level 5 in Armour
  2794 | D:5      | Reached XP level 7. HP: 29/61 MP: 6/6
  2833 | D:5      | Reached skill level 6 in Long Blades
  3181 | D:5      | Noticed Pikel
  3196 | D:5      | Killed Pikel
  3196 | D:5      | Reached ** piety under Okawaru
  3196 | D:5      | Reached skill level 7 in Long Blades
  3196 | D:5      | Reached XP level 8. HP: 45/70 MP: 7/7
  3208 | D:5      | Killed Prince Ribbit
  3208 | D:5      | Reached skill level 8 in Long Blades
  3547 | D:6      | Noticed Sigmund
  4075 | D:6      | Killed Sigmund
  4134 | D:6      | Reached XP level 9. HP: 46/78 MP: 8/8
  4361 | D:6      | Noticed a white ugly thing
  4363 | D:6      | Reached *** piety under Okawaru
  4377 | D:6      | Killed a white ugly thing
  4377 | D:6      | Reached skill level 9 in Long Blades
  4618 | D:6      | Noticed Blork the orc
  4631 | D:6      | Killed Blork the orc
  4631 | D:6      | Reached skill level 10 in Long Blades
  4762 | D:6      | Reached **** piety under Okawaru
  4782 | D:6      | Mangled by an orc warrior

Levels and vault maps discovered:
D:1:      scummos_arrival_hexagon, layout_rooms
D:2:      layout_rooms, ashenzari_altar_1, marbit_many_paths,
          grunt_gozag_breadcrumbs, elyvilon_altar_1, minivault_4
D:3:      layout_loops_ring, first_ration, minmay_misc_feat_room
D:4:      layout_basic, grunt_temple_overflow_forces_of_nature,
          overflow_temple_1_default, minmay_temple_entry_butterflies,
          hex_medium, kennysheep_generic_room_3
D:5:      layout_basic, uniq_eustachio, uniq_pikel, uniq_prince_ribbit1
D:6:      layout_cave_pools, kennysheep_little_box, minmay_manual_mullet,
          uniq_blork_the_orc, uniq_sigmund
Temple:   minmay_temple_curvy_loop

Skill      XL: |  1  2  3  4  5  6  7  8  9 |
---------------+----------------------------+-----
Armour         | 4 5 6 7 |  7.9
Shields        | 4 5 6 7 8 9 |  9.2
Fighting       | 4 5 6 7 |  7.1
Long Blades    | 3 4 5 7 8 10 | 10.3
Dodging        | 1 2 |  2.4
Stealth        | |  0.6
Invocations    | |  0.2

Action                   |  1- 3 |  4- 6 |  7- 9 || total
-------------------------+-------+-------+-------++-------
Melee: Long sword        |    74 |   205 |   245 ||   524
       Headbutt          |    10 |    38 |    59 ||   107
Invok: Heroism           |       |       |     2 ||     2
  Use: Potion            |       |     4 |     1 ||     5
  Eat: Chunk             |       |     5 |     8 ||    13
Armor: Scale mail        |    39 |    28 |       ||    67
       Chain mail        |       |    51 |    77 ||   128
       Plate armour      |       |       |    12 ||    12
Dodge: Dodged            |    35 |    49 |    53 ||   137
Block: Shield            |    50 |   115 |   139 ||   304
       Rpst.: Long sword |    10 |    11 |    15 ||    36
